 Dungeon Crawl Stone Soup version 0.25-a0-544-gee0576305d (webtiles) character file.

Game seed: 3024300956453708754, levelgen mode: deterministic

609 RedPan the Skirmisher (level 7, -3/90 HPs)
             Began as a Gnoll Wanderer on Feb 20, 2020.
             Slain by a hound (5 damage)
             ... on level 4 of the Dungeon.
             The game lasted 00:06:26 (2952 turns).

RedPan the Skirmisher (Gnoll Wanderer)              Turns: 2952, Time: 00:06:27

Health: -3/90      AC: 10    Str: 21    XL:     7   Next: 43%
Magic:  10/10      EV: 11    Int: 15    God:
Gold:   125        SH:  5    Dex: 14    Spells: 10/10 levels left

rFire    . . .     SeeInvis .   f - +2 whip (flame)
rCold    . . .     Gourm    .   c - +0 buckler
rNeg     . . .     Faith    .   b - +2 scale mail
rPois    .         Spirit   .   (no helmet)
rElec    .         Reflect  .   (no cloak)
rCorr    .         Harm     .   (no gloves)
MR       .....                  k - +0 pair of boots
Stlth    ..........             (no amulet)
HPRegen  0.25/turn              h - ring of wizardry
MPRegen  0.12/turn              (no ring)

@: berserking, very quick
A: distributed training, fangs 1, strong nose
a: no special abilities


You were on level 4 of the Dungeon.
You were not hungry.

You visited 1 branch of the dungeon, and saw 4 of its levels.

You collected 125 gold pieces.

Inventory:

Hand Weapons
 a - a +0 hand axe
 f - a +2 whip of flaming (weapon)
Armour
 b - a +2 scale mail (worn)
 c - a +0 buckler (worn)
 j - a +0 chain mail
 k - a +0 pair of boots (worn)
Jewellery
 h - a ring of wizardry (left hand)
Wands
 l - a wand of acid (13)
Scrolls
 e - 8 scrolls of identify
 m - 2 scrolls of teleportation
 p - 2 scrolls of fear
Potions
 g - a potion of magic
 i - a potion of invisibility
 n - 2 potions of brilliance
 q - a potion of berserk rage
Comestibles
 d - 7 rations


   Skills:
 + Level 7.0 Fighting
 + Level 2.4 Short Blades
 + Level 2.4 Long Blades
 + Level 5.2 Axes
 + Level 2.4 Maces & Flails
 + Level 2.4 Polearms
 + Level 2.4 Staves
 + Level 2.4 Slings
 + Level 2.4 Bows
 + Level 3.6 Crossbows
 + Level 2.4 Throwing
 + Level 5.2 Armour
 + Level 2.4 Dodging
 + Level 3.4 Stealth
 + Level 3.6 Shields
 + Level 2.4 Unarmed Combat
 + Level 2.4 Spellcasting
 + Level 2.0 Conjurations
 + Level 2.0 Hexes
 + Level 2.0 Charms
 + Level 2.0 Summonings
 + Level 2.0 Necromancy
 + Level 2.0 Translocations
 + Level 2.0 Transmutations
 + Level 2.0 Fire Magic
 + Level 2.0 Ice Magic
 + Level 2.0 Air Magic
 + Level 2.0 Earth Magic
 + Level 2.0 Poison Magic
 + Level 2.7 Invocations
 + Level 2.4 Evocations


You had 10 spell levels left.
You didn't know any spells.
Your spell library was empty.

Dungeon Overview and Level Annotations

Branches:
Dungeon (4/15)
 Temple: D:4-7

Altars:
Kikubaaqudgha
Trog

Annotations:
D:4 3 runed translucent doors, techii's ghost, novice MiBe


Innate Abilities, Weirdness & Mutations

Your experience applies equally to all skills.
You have very sharp teeth.
Your uncanny sense of smell can sniff out nearby items.


Message History

The hound is moderately wounded.
The hound barely misses you. The hound bites you.
* * * LOW HITPOINT WARNING * * *
You hit the hound but do no damage.
The hound is moderately wounded.
The hound pauses to sniff the ground.
The hound bites you.
* * * LOW HITPOINT WARNING * * *
You completely miss the hound. You bite the hound.
The hound is heavily wounded.
The hound bites you.
* * * LOW HITPOINT WARNING * * *
The hound barely misses you.
You miss the hound. Your bite misses the hound.
The hound is heavily wounded.
The hound bites you but does no damage.
It was a potion of berserk rage.
A red film seems to cover your vision as you go berserk!
You feel yourself moving faster!
You feel mighty! The hound bites you.
You die...

.#.# #.# #.# #.# ....
#.# ##.## #.# #.#..
#.#####...####.#
..).###>#.........##.#
#............#.##..
##...#.##.#.##.##.#
#..###.##.#.##.##.#
......#h#
#.##.#.##.##.# #..#.
#@# #.##.#....##.. #
.. #.# #.#.......####
#. #.# #.....#.#.# ..
#.# #.........# # #.#
##....#.#.# #.#
##.......# ..#
##.#.#### .## #.#.#
#.#.#


You could see a hound.

Vanquished Creatures
  A phantom (D:3)
  2 ogres (D:4)
  A bullfrog zombie (D:2)
  A gnoll shaman (D:2)
  2 iguanas
  A worker ant (D:4)
  An orc wizard (D:3)
  A hound skeleton (D:4)
  A howler monkey zombie (D:3)
  5 gnolls
  9 adders
  An adder skeleton (D:4)
  An adder zombie (D:3)
  A dart slug (D:2)
  A leopard gecko (D:2)
  4 orcs (D:3)
  2 goblins
  2 hobgoblins
  6 jackals
  2 quokkas (D:2)
  6 bats
  3 frilled lizards
  2 kobolds
  5 rats
61 creatures vanquished.

Notes
Turn   | Place    | Note
-------+----------+-------------------------------------------
     0 | D:1      | RedPan the Gnoll Wanderer began the quest for the Orb.
     0 | D:1      | RedPan set off with the following items: a +0 hand axe, a
                  | +2 scale mail, a +0 buckler, a ration
     0 | D:1      | Reached XP level 1. HP: 23/23 MP: 1/1
   341 | D:1      | Reached XP level 2. HP: 26/29 MP: 2/2
   650 | D:2      | Reached XP level 3. HP: 35/35 MP: 3/3
   729 | D:2      | Reached skill level 1 in Invocations
   916 | D:2      | Found a bloodstained altar of Trog.
   928 | D:2      | Reached skill level 1 in Short Blades
   928 | D:2      | Reached skill level 1 in Long Blades
   928 | D:2      | Reached skill level 1 in Maces & Flails
   928 | D:2      | Reached skill level 1 in Polearms
   928 | D:2      | Reached skill level 1 in Staves
   928 | D:2      | Reached skill level 1 in Slings
   928 | D:2      | Reached skill level 1 in Bows
   928 | D:2      | Reached skill level 1 in Throwing
   928 | D:2      | Reached skill level 1 in Dodging
   928 | D:2      | Reached skill level 1 in Unarmed Combat
   928 | D:2      | Reached skill level 1 in Spellcasting
   928 | D:2      | Reached skill level 1 in Evocations
   928 | D:2      | Reached XP level 4. HP: 38/41 MP: 5/5
  1064 | D:2      | Reached skill level 1 in Conjurations
  1064 | D:2      | Reached skill level 1 in Hexes
  1064 | D:2      | Reached skill level 1 in Charms
  1064 | D:2      | Reached skill level 1 in Summonings
  1064 | D:2      | Reached skill level 1 in Necromancy
  1064 | D:2      | Reached skill level 1 in Translocations
  1064 | D:2      | Reached skill level 1 in Transmutations
  1064 | D:2      | Reached skill level 1 in Fire Magic
  1064 | D:2      | Reached skill level 1 in Ice Magic
  1064 | D:2      | Reached skill level 1 in Air Magic
  1064 | D:2      | Reached skill level 1 in Earth Magic
  1064 | D:2      | Reached skill level 1 in Poison Magic
  1305 | D:2      | Reached XP level 5. HP: 34/47 MP: 6/6
  1879 | D:3      | Noticed a phantom
  2028 | D:3      | Killed a phantom
  2028 | D:3      | Reached XP level 6. HP: 40/53 MP: 8/8
  2136 | D:3      | Reached skill level 5 in Axes
  2136 | D:3      | Reached skill level 5 in Armour
  2324 | D:3      | Found an ancient bone altar of Kikubaaqudgha.
  2547 | D:4      | Reached XP level 7. HP: 59/59 MP: 10/10
  2735 | D:4      | Found a runed translucent gate.
  2735 | D:4      | Found a runed translucent gate.
  2735 | D:4      | Found a runed translucent gate.
  2740 | D:4      | Noticed techii's ghost (novice MiBe)
  2751 | D:4      | Reached skill level 7 in Fighting
  2950 | D:4      | HP: 1/60 [hound (5)]
  2952 | D:4      | Slain by a hound

Levels and vault maps discovered:
D:1:      roderic_crop_circles_arrival_large, layout_loops_ring
D:2:      layout_basic, bloody_trog, first_ration
D:3:      layout_rooms, old_standard_altar, minmay_misc_feat_enclosed
D:4:      layout_loops_ring, serial_glass, glass_columns_b, glass_columns_a,
          glass_columns_a, glass_columns_b, glass_columns_a, glass_columns_a,
          glass_columns_c, glass_columns_a, glass_columns_b, glass_columns_a,
          due_unseen_surprise, minmay_strange_pillars,
          gammafunk_ghost_necromancy, uniq_eustachio

Skill      XL: |  1  2  3  4  5  6  7 |
---------------+----------------------+-----
Invocations    | 1 2 |  2.7
Short Blades   | 1 2 |  2.4
Long Blades    | 1 2 |  2.4
Maces & Flails | 1 2 |  2.4
Polearms       | 1 2 |  2.4
Staves         | 1 2 |  2.4
Slings         | 1 2 |  2.4
Bows           | 1 2 |  2.4
Throwing       | 1 2 |  2.4
Dodging        | 1 2 |  2.4
Unarmed Combat | 1 2 |  2.4
Spellcasting   | 1 2 |  2.4
Evocations     | 1 2 |  2.4
Conjurations   | 1 2 |  2.0
Hexes          | 1 2 |  2.0
Charms         | 1 2 |  2.0
Summonings     | 1 2 |  2.0
Necromancy     | 1 2 |  2.0
Translocations | 1 2 |  2.0
Transmutations | 1 2 |  2.0
Fire Magic     | 1 2 |  2.0
Ice Magic      | 1 2 |  2.0
Air Magic      | 1 2 |  2.0
Earth Magic    | 1 2 |  2.0
Poison Magic   | 1 2 |  2.0
Crossbows      | 3 |  3.6
Shields        | 3 |  3.6
Stealth        | 3 |  3.4
Axes           | 5 |  5.2
Armour         | 5 |  5.2
Fighting       | 7 |  7.0

Action                   |  1- 3 |  4- 6 |  7- 9 || total
-------------------------+-------+-------+-------++-------
Melee: Whip              |    67 |   201 |    61 ||   329
       Hand axe          |     6 |       |       ||     6
       Bite              |     5 |    25 |     6 ||    36
  Use: Scroll            |     7 |     2 |       ||     9
       Potion            |       |       |     1 ||     1
  Eat: Chunk             |       |     5 |     2 ||     7
Armor: Scale mail        |    34 |    90 |    21 ||   145
Dodge: Dodged            |    36 |    94 |    21 ||   151
Block: Buckler           |    13 |    39 |    13 ||    65

Table legend:
 A = Non-vault XP
 B = Vault XP
 C = Vault XP percentage of total XP
 D = Non-vault monster count
 E = Vault monster count
 F = Vault count percentage of total count
                 A         B        C        D         E       F
            +---------+---------+-------+---------+---------+-------
      Total |     871 |       0 |   0.0 |      61 |       0 |   0.0
            +---------+---------+-------+---------+---------+-------
        D:1 |      29 |       0 |   0.0 |      10 |       0 |   0.0
        D:2 |     198 |       0 |   0.0 |      19 |       0 |   0.0
        D:3 |     322 |       0 |   0.0 |      24 |       0 |   0.0
        D:4 |     322 |       0 |   0.0 |       8 |       0 |   0.0
            +---------+---------+-------+---------+---------+-------
